 Dungeon Crawl Stone Soup version 0.27-a0-1046-g98bf31544f (webtiles) character file.

Game seed: 17556612752307471232

12694 Anon1729 the Thaumaturge (level 11, -1/65 HPs)
             Began as a Djinni Conjurer on Apr 19, 2021.
             Was an Elder of Makhleb.
             Slain by an acid dragon (12 damage)
             ... on level 11 of the Dungeon.
             The game lasted 00:38:36 (16366 turns).

Anon1729 the Thaumaturge (Djinni Conjurer)         Turns: 16366, Time: 00:38:37

Health: -1/65      AC: -4    Str:  6    XL:     11   Next: 97%
Gold:   758        EV: 18    Int: 23    God:    Makhleb [****..] SH:  0 Dex: 18

rFire    + + +     SeeInvis .   v - +2 dagger (venom)
rCold    x . .     Faith    .   (no shield)
rNeg     . . .     Spirit   .   a - +0 robe
rPois    ∞         Reflect  .   K - +2 hat
rElec    .         Harm     .   (no cloak)
rCorr    .         Rampage  .   (no gloves)
Will     +....                  (boots unavailable)
Stlth    ++++......             (no amulet)
HPRegen  0.20/turn              k - +6 ring of dexterity
MPRegen  0.00/turn              q - ring of protection from fire

@: mighty, corroded, flying
A: fire resistance 2, cold vulnerability 1, float, innate caster, hp casting,
extra vitality 1
a: Renounce Religion, Minor Destruction, Lesser Servant of Makhleb, Major
Destruction


You were on level 11 of the Dungeon.
You worshipped Makhleb.
Makhleb was greatly pleased with you.
You visited 2 branches of the dungeon, and saw 15 of its levels.
You also visited: Sewer.

You collected 758 gold pieces.

Inventory:

Hand Weapons
 e - a +0 dagger
 v - a +2 dagger of venom (weapon)
Missiles
 l - 4 boomerangs of dispersal
Armour
 a - a +0 robe (worn)
 i - a +0 helmet
 C - +0 shadow dragon scales
 H - +0 steam dragon scales
 K - a +2 hat (worn)
Jewellery
 k - a +6 ring of dexterity (left hand)
 q - a ring of protection from fire (right hand)
 u - an amulet of faith
 G - an amulet of guardian spirit
Wands
 p - a wand of acid (4)
 t - a wand of digging (9)
 B - a wand of charming (5)
 E - a wand of flame (14)
 F - a wand of iceblast (13)
 J - a wand of paralysis (11)
Scrolls
 c - a scroll of fog {unknown}
 d - 2 scrolls of teleportation
 f - 4 scrolls of vulnerability
 g - 2 scrolls of brand weapon {unknown}
 o - 7 scrolls of identify
 r - a scroll of summoning {unknown}
 w - a scroll of noise {unknown}
 x - 4 scrolls of amnesia
 y - a scroll of immolation {unknown}
 A - 2 scrolls of silence
 D - 2 scrolls of fear {unknown}
Potions
 b - 3 potions of curing
 h - 2 potions of might
 j - a potion of brilliance {unknown}
 n - 2 potions of ambrosia {unknown}
 s - a potion of invisibility {unknown}
 z - a potion of berserk rage {unknown}
 I - a potion of degeneration {unknown}


   Skills:
 + Level 10.5 Dodging
 - Level 8.8 Stealth
 + Level 0.7 Shields
 * Level 11.7 Spellcasting


You had 6 spell levels left.
You knew the following spells:

 Your Spells              Type           Power      Damage    Failure   Level
a - Magic Dart            Conj           100%       1d8       1%          1
b - Searing Ray           Conj           100%       3d7       1%          2
c - Dazzling Flash        Conj/Hex       100%       N/A       1%          3
d - Fulminant Prism       Conj/Hex       30%        3d16      1%          4
e - Iskenderun's Mystic   Conj/Tloc      61%        2d13      1%          4
f - Animate Skeleton      Necr           100%       N/A       1%          1
g - Poisonous Vapours     Pois/Air       100%       N/A       1%          2
h - Passwall              Tmut/Erth      50%        N/A       1%          2
i - Stone Arrow           Conj/Erth      100%       3d13      1%          3
j - Summon Mana Viper     Hex/Summ       61%        N/A       1%          5
Your spell library was empty.

Dungeon Overview and Level Annotations

Branches:
Dungeon (14/15)            Temple (1/1) D:4            Lair (0/6) D:10
    Orc (0/2) D:10          Sewer (visited)
 Vaults: D:13-14

Altars:
Ashenzari
Cheibriados
Dithmenos
Elyvilon
Fedhas
Gozag
Hepliaklqana
Kikubaaqudgha
Makhleb
Nemelex Xobeh
Okawaru
Qazlal
Ru
Sif Muna
Trog
Uskayaw
Vehumet
Wu Jian
Xom
Yredelemnul
Zin
The Shining One
Beogh

Shops:
D:8 *

Annotations:
D:8 lollipopguild's ghost, novice MiBe
D:14 2 runed translucent doors


Innate Abilities, Weirdness & Mutations

You are immune to poison.
Your flesh is very heat resistant. (rF++)
You are vulnerable to cold. (rC-)
You float through the air rather than walking.
You learn spells naturally, not from books.
Your magical power is your life essence.
You have superior vitality. (+4 HP)


Message History

The acid corrodes the manticore!
You kill the manticore!
Makhleb accepts your kill.
You feel better.
The bolt of acid hits the orc priest.
The orc priest is splashed with acid!
The acid corrodes the orc priest!
The orc priest is almost dead.
The acid dragon spits acid at you. The splash of acid hits you!
The acid corrodes you!
You are splashed with acid!
The orc priest casts a cantrip, but nothing happens.
Aiming: Charm
Press: ? - help, Shift-Dir - straight line, f - acid dragon
Aim: an acid dragon (heavily wounded, catching its breath, chance to affect: 46%)
The acid dragon resists with some effort.
Aiming: Charm
Press: ? - help, Shift-Dir - straight line, f/p - acid dragon
Aim: an acid dragon (heavily wounded, catching its breath, chance to affect: 46%)
The acid dragon resists with some effort.
The acid dragon spits acid at you. The splash of acid hits you!
* * * LOW HITPOINT WARNING * * *
The acid corrodes you!
You are splashed with acid!
* * * LOW HITPOINT WARNING * * *
The orc priest casts a cantrip, but nothing happens.
You feel much better. The acid dragon bites you!
* * * LOW HITPOINT WARNING * * *
The acid dragon claws you.
* * * LOW HITPOINT WARNING * * *
Okay, then.
Okay, then.
Okay, then.
Aiming: Paralyse
Press: ? - help, Shift-Dir - straight line, f/p - acid dragon
Aim: an acid dragon (heavily wounded, catching its breath, chance to affect: 46%)
Okay, then.
Aiming: Charm
Press: ? - help, Shift-Dir - straight line, f/p - acid dragon
Aim: an acid dragon (heavily wounded, catching its breath, chance to affect: 46%)
The acid dragon resists with some effort.
The acid dragon bites you!
You die...

...D............#
................#
................#
..................
#.......#######...
#.#####.# ## # #o#
#.#####D#
...............@# ##
...............#######..
..
........................
..
#........####.(........
.. #........#
#..######.. ##
#........# #..#
####........####..# #..#
......>...........#
#..#######
..................#
#.........


You could see an acid dragon (catching breath) and an orc priest (corroded).

Vanquished Creatures
  2 two-headed ogres
  3 centaur zombies
  2 manticores (D:11)
  A gargoyle (D:11)
  Maggie (D:8)
  A troll (D:9)
  A hornet (D:5)
  A shadow (D:11)
  8 yaks
  2 wraiths
  2 wyverns
  A steam dragon (D:8)
  A warg (D:8)
  5 water moccasins
  9 orc warriors
  3 sky beasts
  4 ogres
  A necrophage (D:6)
  7 centaurs
  2 phantoms
  4 kobold brigands
  5 bullfrogs
  2 gnoll sergeants (D:10)
  4 scorpions
  A wyvern skeleton (D:7)
  13 killer bees
  17 wights
  2 hounds
  2 bullfrog skeletons
  10 orc priests
  A centaur skeleton (D:7)
  6 orc wizards
  A hound skeleton (D:4)
  7 gnolls
  7 adders
  A shadow imp (D:6)
  An ufetubus (D:6)
  34 orcs
  11 bats
  9 endoplasms
  4 giant cockroaches
  10 goblins
  5 hobgoblins
  2 jackals
  22 kobolds
  4 quokkas
  3 ball pythons
  3 frilled lizards
  7 rats
255 creatures vanquished.

Vanquished Creatures (collateral kills)
  A skeletal warrior (D:10)
  An ugly thing (D:10)
  A centaur zombie (D:10)
  A troll (D:9)
  An orc warrior (D:11)
  An ogre (D:10)
  A howler monkey (D:10)
  2 orc priests
  An orc wizard (D:10)
  3 orcs
13 creatures vanquished.

Vanquished Creatures (others)
  An orc (D:9)
  11 fulminant prisms
  12 fungi
  4 plants (D:5)
  4 toadstools (D:5)
32 creatures vanquished.

Grand Total: 300 creatures vanquished

Notes
Turn   | Place    | Note
-------+----------+-------------------------------------------
     0 | D:1      | Anon1729 the Djinni Conjurer began the quest for the Orb.
     0 | D:1      | Reached XP level 1. HP: 15/15 MP: 0/0
   562 | D:1      | Reached XP level 2. HP: 19/21 MP: 0/0
  1199 | D:2      | Reached skill level 4 in Spellcasting
  1199 | D:2      | Reached XP level 3. HP: 20/25 MP: 0/0
  1199 | D:2      | Learned a level 1 spell: Animate Skeleton
  1785 | D:2      | Reached XP level 4. HP: 29/31 MP: 0/0
  2501 | D:3      | Found a faded altar of an unknown god.
  2916 | D:3      | Reached XP level 5. HP: 28/35 MP: 0/0
  2916 | D:3      | Learned a level 2 spell: Poisonous Vapours
  3540 | D:4      | Noticed an ogre
  3556 | D:4      | Killed an ogre
  3557 | D:4      | Reached skill level 5 in Spellcasting
  3642 | D:4      | Found a staircase to the Ecumenical Temple.
  3673 | D:4      | Reached XP level 6. HP: 34/40 MP: 0/0
  3888 | Temple   | Entered the Ecumenical Temple
  4157 | Temple   | Became a worshipper of Makhleb the Destroyer
  5493 | D:5      | Entered Level 5 of the Dungeon
  5511 | D:5      | Noticed a hornet
  5522 | D:5      | Killed a hornet
  5523 | D:5      | Reached XP level 7. HP: 39/45 MP: 0/0
  5523 | D:5      | Learned a level 2 spell: Passwall
  5667 | D:5      | Reached skill level 6 in Spellcasting
  5811 | D:5      | Reached skill level 5 in Dodging
  5811 | D:5      | Reached XP level 8. HP: 31/50 MP: 0/0
  6402 | D:5      | Found a sparkling altar of Nemelex Xobeh.
  6911 | D:6      | Reached skill level 7 in Spellcasting
  6923 | D:6      | Reached * piety under Makhleb
  7113 | D:6      | Reached skill level 5 in Stealth
  7329 | D:6      | Found a glowing drain.
  7350 | Sewer    | Entered a sewer
  7504 | Sewer    | Reached XP level 9. HP: 51/55 MP: 0/0
  7504 | Sewer    | Learned a level 3 spell: Stone Arrow
  8237 | D:7      | Reached skill level 8 in Spellcasting
  9634 | D:8      | Found Laujomely's Luxury Loot.
  9799 | D:8      | Reached ** piety under Makhleb
  9941 | D:8      | Noticed Maggie
  9948 | D:8      | Killed Maggie
  9949 | D:8      | Reached skill level 9 in Spellcasting
  9949 | D:8      | Reached XP level 10. HP: 46/60 MP: 0/0
 10314 | D:8      | Found a runed translucent gate.
 10314 | D:8      | Found a runed translucent gate.
 10314 | D:8      | Found a runed translucent gate.
 10317 | D:8      | Noticed lollipopguild's ghost (novice MiBe)
 10318 | D:8      | Identified the +6 plate armour of Viuc {Fly rElec Dex-4}
 10711 | D:9      | Noticed a two-headed ogre
 11127 | D:9      | Reached *** piety under Makhleb
 11767 | D:9      | Reached skill level 10 in Spellcasting
 12210 | D:9      | Killed a two-headed ogre
 12211 | D:9      | Reached XP level 11. HP: 41/65 MP: 0/0
 12211 | D:9      | Learned a level 5 spell: Summon Mana Viper
 12386 | D:10     | Entered Level 10 of the Dungeon
 12653 | D:10     | Noticed a two-headed ogre
 12682 | D:10     | Killed a two-headed ogre
 12686 | D:10     | Noticed a skeletal warrior
 13064 | D:10     | Reached skill level 11 in Spellcasting
 13196 | D:10     | Killed a skeletal warrior
 13329 | D:10     | Noticed a white ugly thing
 13340 | D:10     | Killed a white ugly thing
 13853 | D:10     | Found a staircase to the Lair.
 14094 | D:10     | Reached skill level 10 in Dodging
 14104 | D:10     | Reached **** piety under Makhleb
 15031 | D:10     | Found a staircase to the Orcish Mines.
 16172 | D:11     | Noticed a manticore
 16177 | D:11     | Killed a manticore
 16272 | D:11     | You are sucked into a shaft and drop 3 floors!
 16272 | D:14     | Found a runed translucent door.
 16272 | D:14     | Found the +2 shield of Resistance {rF++ rC++ Will++}
 16273 | D:14     | Noticed an ice dragon
 16273 | D:14     | Noticed an ice dragon
 16273 | D:14     | Noticed a fire dragon
 16276 | D:14     | Noticed a fire dragon
 16276 | D:14     | Noticed a cyclops
 16277 | D:14     | Found a runed translucent door.
 16306 | D:12     | Noticed a boulder beetle
 16339 | D:11     | Noticed a manticore
 16362 | D:11     | Killed a manticore
 16364 | D:11     | HP: 1/65 [acid (17)]
 16366 | D:11     | Slain by an acid dragon

Illustrated notes

Levels and vault maps discovered:
D:1:      erik_arrival_cave_to_civilisation [erik_arrival_cave_to_hall],
          layout_basic, amcnicky_mini_corridor_feature
D:2:      layout_rooms, item_on_display_a
D:3:      layout_loops_corners, shapermc_ecumenical_altar_mp_urbaneastern,
          wad_rectangle_vault
D:4:      layout_basic, minmay_temple_entry_statues, serial_aquarium,
          aquarium_bridge_square [aquarium_subvault_balcony,
          aquarium_subvault_window, aquarium_subvault_wall,
          aquarium_subvault_bridge], aquarium_window_3, aquarium_window_corner,
          aquarium_window_2, aquarium_view_2c, aquarium_view_2f,
          aquarium_balcony_3a, aquarium_pool_side, interstate_on_off,
          hangedman_feature_mirror
D:5:      layout_cave_pools, general_overflow_altar, minmay_gold_behind_fungi,
          hangedman_abyss_or_decor_stabs, minmay_misc_feat_nine_boxes,
          serial_bayou_lagoon_b
D:6:      layout_rooms, portal_sewer_entry_e
D:7:      layout_gridville
D:8:      layout_basic, biasface_ghost_orc_armoury, grunt_ministairs_6,
          nicolae_alphabet_shops, minmay_misc_feat_chi,
          minmay_misc_feat_secret_circle, uniq_maggie
D:9:      layout_long_grid, grunt_ministairs_1, kennysheep_generic_room_14
D:10:     layout_stronghold, grunt_lair_entry_orc_guard_hut,
          kennysheep_orc_monster_closet_entryway, minivault_23,
          minmay_checkerbox
D:11:     layout_small_grid
D:12:     minmay_the_grid_triangle_9x9_rhombus_full
          [minmay_the_grid_triangle_9x9_intruding_spiral,
          minmay_the_grid_triangle_9x9_swiss_cheese,
          minmay_the_grid_triangle_9x9_zippers_vertical,
          minmay_the_grid_triangle_9x9_subtriangle,
          minmay_the_grid_triangle_9x9_odd_lines,
          minmay_the_grid_triangle_9x9_longest,
          minmay_the_grid_triangle_9x9_from_above,
          minmay_the_grid_triangle_9x9_prize_schism], layout_loops_ring
D:13:     layout_roguey, david_vaults_4, kennysheep_vampire_church, uniq_frances
D:14:     layout_loops_ring, minmay_misc_feat_tower,
          minmay_guarded_unrand_resistance, uniq_josephine
Temple:   compressed_dpeg_triangle_lava_temple

Skill      XL: |  1  2  3  4  5  6  7  8  9 10 11 |
---------------+----------------------------------+-----
Stealth        | 2 3 4 5 6 7 8 |  8.8
Spellcasting   | 4 5 6 7 9 10 11 | 11.7
Dodging        | 3 4 5 6 7 9 10 | 10.5
Shields        | |  0.7

Action                   |  1- 3 |  4- 6 |  7- 9 | 10-12 || total
-------------------------+-------+-------+-------+-------++-------
Melee: Dagger            |       |       |     6 |     9 ||    15
 Cast: Magic Dart        |    69 |    92 |    36 |       ||   197
       Animate Skeleton  |     2 |     2 |       |       ||     4
       Fulminant Prism   |       |     3 |     5 |     4 ||    12
       Poisonous Vapours |       |    15 |    33 |    65 ||   113
       Searing Ray       |       |       |    15 |       ||    15
       Stone Arrow       |       |       |    53 |   133 ||   186
       Iskenderun's Myst |       |       |       |    13 ||    13
       Dazzling Flash    |       |       |       |     1 ||     1
       Summon Mana Viper |       |       |       |    20 ||    20
Evoke: Wand              |       |       |       |     5 ||     5
  Use: Potion            |       |       |       |     6 ||     6
       Scroll            |       |       |       |     4 ||     4
 Stab: Sleeping          |       |       |     1 |     1 ||     2
       Distracted        |       |       |     1 |     1 ||     2
Armor: Robe              |     4 |     2 |     5 |     9 ||    20
Dodge: Dodged            |    10 |    13 |    30 |    74 ||   127

Table legend: (Time is in decaauts)
 A = Elapsed time spent in this place.
 B = Non-inter-level travel time spent in this place.
 C = Inter-level travel time spent in this place.
 D = Time resting spent in this place.
 E = Time spent auto-exploring this place.
 F = Levels seen in this place.
 G = Mean time per level.
                   A        B        C        D        E       F      G
               +--------+--------+--------+--------+--------+-----+--------+
         Total |  16376 |  15707 |    669 |   4405 |   9360 |  16 | 1023.5 |
       Dungeon |  15894 |  15261 |    633 |   4282 |   9078 |  14 | 1135.3 |
        Temple |    282 |    246 |     36 |      0 |    245 |   1 |  282.0 |
         Sewer |    198 |    198 |      0 |    123 |     37 |   1 |  198.0 |
               +--------+--------+--------+--------+--------+-----+--------+

Top non-repeatable levels by time:
     D:8: 2455 daAuts
    D:10: 2349 daAuts
     D:4: 1966 daAuts
     D:7: 1664 daAuts
     D:9: 1574 daAuts
     D:3: 1248 daAuts
     D:5: 1224 daAuts
     D:1: 1193 daAuts
     D:2: 973 daAuts
     D:6: 861 daAuts
    D:11: 345 daAuts
  Temple: 282 daAuts
   Sewer: 198 daAuts
    D:13: 17 daAuts
    D:12: 10 daAuts
